 Dungeon Crawl Stone Soup version 0.29-a0-414-g5075937ec3 (webtiles) character file.

Game seed: 4006697801957221799

409881 trckry the Malleable (level 22, -1/271 HPs)
             Began as a Green Draconian Transmuter on May 15, 2022.
             Was the Champion of Jiyva.
             Killed from afar by a black draconian knight (44 damage)
             ... with a shard of ice
             ... on level 1 of the Realm of Zot.
             The game lasted 02:44:52 (41234 turns).

trckry the Malleable (Green Draconian Transmuter)  Turns: 41234, Time: 02:44:52

Health: -1/271     AC: 21    Str: 31    XL:     22   Next: 13%
Magic:  38/38      EV: 11    Int: 29    God:    Jiyva [******]
Gold:   4399       SH:  0    Dex: 21    Spells: 12/45 levels left

rFire   + . .      SeeInvis +     - Unarmed
rCold   . . .      Faith    .   (shield currently unavailable)
rNeg    . . .      Spirit   .   (body armour unavailable)
rPois   +          Reflect  +   (helmet currently unavailable)
rElec   +          Harm     .   (cloak currently unavailable)
rCorr   +          Rampage  .   (gloves currently unavailable)
Will    ++++.      Clarity  +   (boots currently unavailable)
Stlth   +.........              C - amulet of Departure {Reflect +Blink rF- Int+8 Dex+5 SH+5}
HPRegen 2.15/turn               P - ring "Bocammesk" {rF++ Str+6 Int-4 Dex+3 SInv}
MPRegen 0.76/turn               E - ring "Fiagaam" {Fly rElec Slay+4}

@: confused, dragon-form, slimy, ambrosia-drunk, flying
A: dragon claw, dragon scales, flying, boosted hp, breathe noxious fumes, AC
+11, giant, unfitting armour, stinger 3, (poison resistance), (cold-blooded),
(hooves 1), clarity, clever 2, (fire resistance 1), strong-willed 3, (eyeballs
2), (gelatinous body 2), (pseudopods 1), (tendrils)
}: 3/15 runes: decaying, serpentine, slimy
a: Breathe Noxious Fumes, End Transformation, Renounce Religion, Evoke Blink,
Oozemancy, Slimify


You were on level 1 of the Realm of Zot.
You worshipped Jiyva.
Jiyva was exalted by your worship.
You were a fearsome swamp dragon!
You visited 10 branches of the dungeon, and saw 46 of its levels.
You also visited: Ossuary, Gauntlet, Ice Cave, Volcano and Desolation.

You collected 4773 gold pieces.
You spent 374 gold pieces at shops.

Inventory:

Missiles
 h - 6 curare-tipped darts (quivered)
 H - 5 boomerangs of dispersal
 M - a throwing net
 Q - 11 silver javelins
Armour
 c - a +2 pair of boots of rampaging (melded)
 g - a +2 pair of gloves of strength (melded)
 u - a +0 cloak (melded)
 W - a +1 cloak
Jewellery
 i - a +6 ring of intelligence
 B - a +4 ring of protection
 C - the amulet of Departure (around neck) {Reflect +Blink rF- Int+8 Dex+5 SH+5}
   (You found it on level 5 of the Pits of Slime)

   [amulet of reflection]

   It reflects blocked missile attacks.
   Int:       It affects your intelligence (+8).
   Dex:       It affects your dexterity (+5).
   rF:        It makes you vulnerable to fire.
   +Blink:    It lets you blink.
   SH:        It affects your SH (+5).
 E - the ring "Fiagaam" (right foreclaw) {Fly rElec Slay+4}
   (You found it in the Desolation of Salt)

   [ring of slaying]

   Slay:      It affects your accuracy & damage with ranged weapons and melee
   (+4).
   rElec:     It insulates you from electricity.
   Fly:       It grants you flight.
 J - a ring of magical power
 K - a ring of willpower
 O - a ring of protection from cold
 P - the ring "Bocammesk" (left foreclaw) {rF++ Str+6 Int-4 Dex+3 SInv}
   (You found it in the Desolation of Salt)

   [ring of strength]

   Str:       It affects your strength (+6).
   Int:       It affects your intelligence (-4).
   Dex:       It affects your dexterity (+3).
   rF:        It greatly protects you from fire.
   SInv:      It lets you see invisible.
Wands
 d - a wand of paralysis (18)
 r - a wand of acid (9)
 t - a wand of flame (85)
 y - a wand of iceblast (40)
 A - a wand of charming (4)
 G - a wand of polymorph (3)
 U - a wand of mindburst (12)
Scrolls
 f - a scroll of blinking
 j - 4 scrolls of fog
 k - 3 scrolls of enchant armour
 l - 4 scrolls of torment
 o - 3 scrolls of summoning
 p - 4 scrolls of fear
 v - 8 scrolls of teleportation
 w - 2 scrolls of poison
 z - 5 scrolls of immolation
 F - 2 scrolls of magic mapping
 S - a scroll of vulnerability
 X - 3 scrolls of amnesia
 Y - 2 scrolls of silence
Potions
 a - 8 potions of lignification
 m - 2 potions of resistance
 n - 3 potions of mutation
 q - 5 potions of invisibility
 s - 16 potions of curing
 x - 4 potions of might
 I - 2 potions of cancellation
 L - 7 potions of brilliance
 T - a potion of magic
 V - 2 potions of haste
Miscellaneous
 D - a box of beasts
 N - a tin of tremorstones (2/2)
 R - a phantom mirror


   Skills:
 - Level 12.0 Fighting
 - Level 6.0 Dodging
 * Level 21.7 Unarmed Combat
 - Level 12.0 Spellcasting
 - Level 12.0 Conjurations
 * Level 23.9 Transmutations
 - Level 3.0 Ice Magic
 - Level 6.0 Earth Magic
 - Level 3.0 Poison Magic
 - Level 12.0 Evocations


You had 12 spell levels left.
You knew the following spells:

 Your Spells              Type           Power      Damage    Failure   Level
a - Dragon Form           Tmut           51%        N/A       1%          7
b - Wereblood             Tmut           100%       N/A       0%          2
c - Irradiate             Conj/Tmut      44%        3d28      1%          5
d - Ice Form              Ice/Tmut       77%        N/A       1%          4
e - Blade Hands           Tmut           51%        N/A       0%          5
f - Statue Form           Tmut/Erth      54%        N/A       1%          6
l - Beastly Appendage     Tmut           100%       N/A       0%          1
m - Spider Form           Tmut/Pois      77%        N/A       1%          3

Your spell library contained the following spells:

 Spells                   Type           Power      Damage    Failure   Level
 Passwall                 Tmut/Erth      67%        N/A       0%          2
 Magic Dart               Conj           100%       1d8       1%          1
 Searing Ray              Conj           100%       2d8       1%          2
 Ignite Poison            Fire/Tmut/Pois 62%        N/A       1%          3
 Stone Arrow              Conj/Erth      100%       3d13      1%          3
 Hailstorm                Conj/Ice       57%        3d12      1%          4
 Alistair's Intoxication  Tmut/Pois      51%        N/A       1%          5
 Frozen Ramparts          Ice            68%        1d8       2%          3
 Ozocubu's Armour         Ice            34%        N/A       2%          3
 Fulminant Prism          Conj/Hex       25%        3d14      2%          4
 Iskenderun's Mystic Bla  Conj/Tloc      51%        2d11      2%          4
 Sticky Flame             Conj/Fire      51%        2d7       2%          4
 Animate Skeleton         Necr           34%        N/A       3%          1
 Apportation              Tloc           34%        N/A       3%          1
 Pain                     Necr           68%        1d7       3%          1
 Slow                     Hex            68%        N/A       3%          1
 Summon Small Mammal      Summ           68%        N/A       3%          1
 Blink                    Tloc           34%        N/A       4%          2
 Corpse Rot               Necr/Air       34%        N/A       4%          2
 Sublimation of Blood     Necr           17%        N/A       4%          2
 Lightning Bolt           Conj/Air       25%        1d41      7%          5
 Call Canine Familiar     Summ           17%        N/A       9%          3
 Confusing Touch          Hex            17%        N/A       9%          3
 Gell's Gravitas          Tloc           17%        N/A       9%          3
 Lesser Beckoning         Tloc           17%        N/A       9%          3
 Portal Projectile        Hex/Tloc       34%        N/A       9%          3
 Teleport Other           Tloc           17%        N/A       9%          3
 Tukima's Dance           Hex            17%        N/A       9%          3
 Vampiric Draining        Necr           17%        2d7       9%          3
 Leda's Liquefaction      Hex/Erth       17%        N/A       9%          4
 Summon Ice Beast         Ice/Summ       26%        N/A       16%         4
 Orb of Destruction       Conj           36%        9d11      19%         7
 Storm Form               Tmut/Air       36%        N/A       19%         7
 Airstrike                Air            8%         N/A       30%         4
 Anguish                  Hex/Necr       8%         N/A       30%         4
 Dispel Undead            Necr           17%        3d10      30%         4
 Passage of Golubria      Tloc           17%        N/A       30%         4
 Summon Lightning Spire   Summ/Air       17%        N/A       30%         4
 Metabolic Englaciation   Hex/Ice        13%        N/A       41%         5
 Manifold Assault         Tloc           17%        N/A       63%         5
 Silence                  Hex/Air        8%         N/A       63%         5
 Summon Forest            Summ/Tloc      8%         N/A       63%         5
 Summon Mana Viper        Hex/Summ       17%        N/A       63%         5
 Death Channel            Necr           8%         N/A       99%         6
 Dispersal                Tloc           8%         N/A       99%         6
 Summon Cactus Giant      Summ           8%         N/A       99%         6
 Lehudib's Crystal Spear  Conj/Erth      31%        10d8      99%         8
 Enfeeble                 Hex            8%         N/A       100%        7
 Haunt                    Necr/Summ      8%         N/A       100%        7
 Ozocubu's Refrigeration  Ice            17%        4d8       100%        7
 Summon Hydra             Summ           8%         N/A       100%        7
 Ignition                 Fire           8%         3d5       100%        8
 Animate Armour           Summ/Erth      Unusable   N/A       N/A         4

Dungeon Overview and Level Annotations

Branches:
Dungeon (15/15)            Temple (1/1) D:5            Lair (6/6) D:8
  Swamp (4/4) Lair:2        Snake (4/4) Lair:4        Slime (5/5) Lair:6
    Orc (2/2) D:12            Elf (3/3) Orc:2        Vaults (0/5) D:13
 Depths (4/4) D:15            Zot (2/5) Depths:4    Ossuary (visited)
  IceCv (visited)         Volcano (visited)         Desolation (visited)
Gauntlet (visited)

Altars:
Ashenzari
Cheibriados
Dithmenos
Elyvilon
Fedhas
Gozag
Hepliaklqana
Kikubaaqudgha
Makhleb
Nemelex Xobeh
Okawaru
Qazlal
Ru
Sif Muna
Trog
Uskayaw
Vehumet
Wu Jian
Xom
Yredelemnul
Zin
The Shining One
Beogh
Jiyva

Shops:
D:2 [   D:4 (   D:5 (   D:9 [   Orc:2 [*=(   Snake:1 *   Snake:2 (   Depths:1 [
Depths:2 ==:   Depths:4 *

Portals:
Hell: Depths:1 Depths:2 Depths:4
Abyss: Depths:3
Pandemonium: Depths:2
Ziggurat: Depths:1
Trove: D:12 (show abyssal rune of Zot)

Annotations:
Slime:5 Dissolution, Royal Jelly
Orc:2 2 exclusions
Elf:3 1 runed translucent door, exclusion: orange crystal statue, Psyclone's ghost, veteran OpIE
Depths:3 1 transporter, exclusion: 2 doors


Innate Abilities, Weirdness & Mutations

You are a fearsome swamp dragon!
You have a powerful clawing attack.
Your giant scaled body is strong and resiliant, but less evasive.
Your breath weapon is enhanced in this form.
You are flying.
Your maximum health is greatly increased.
Your armour is entirely melded.
You are incapable of wielding weapons or throwing items.
You can breathe blasts of noxious fumes.
Your lurid green scales are hard. (AC +11)
You cannot fit into any form of body armour.
Your tail ends in a wickedly sharp and venomous barb.
((Your system is resistant to poisons. (rPois)))
((You are cold-blooded and may be slowed by cold attacks.))
((You have large cloven feet.))
You possess an exceptional clarity of mind.
Your mind is very acute. (Int +4)
((Your flesh is heat resistant. (rF+)))
You are extremely strong-willed. (Will+++)
((Your body has grown many eyes which may confuse attackers. (Acc +5)))
((Your pliable body absorbs attacks. (AC +2, EV +2)))
((Armour fits poorly on your pseudopods.))
((You are covered in slimy tendrils that may disarm your opponents.))


Message History

MP restored: 38 A thick mucus forms on your foreclaws.
You regained 2 hp, and now have 41/271 hp.
You now have 33/38 mp.
You regained 2 hp, and now have 43/271 hp.
You feel much better.
The black draconian knight hits you from afar with a +0 halberd!!
* * * LOW HITPOINT WARNING * * *
You regained 20 hp, and now have 63/271 hp.
The black draconian knight breathes lightning at you.
The bolt of lightning hits you! You resist.
* * * LOW HITPOINT WARNING * * *
The bolt of lightning hits you! You resist.
* * * LOW HITPOINT WARNING * * *
The bolt of lightning hits the black draconian knight.
The black draconian knight completely resists.
You block the black draconian knight's attack.
You take 20 damage, and have 43/271 hp.
You barely miss the black draconian knight.
You claw the black draconian knight! You bite the black draconian knight.
The black draconian knight is lightly wounded.
The black draconian knight hits you with a +0 halberd!
* * * LOW HITPOINT WARNING * * *
You take 11 damage, and have 32/271 hp.
You are confused.
You feel invigorated.
The black draconian knight breathes lightning at you.
The bolt of lightning hits you! You resist.
* * * LOW HITPOINT WARNING * * *
The bolt of lightning hits you! You resist.
* * * LOW HITPOINT WARNING * * *
The bolt of lightning hits the black draconian knight.
The black draconian knight completely resists.
You take 17 damage, and have 15/271 hp.
MP restored: 38 You feel much better.
The black draconian knight hits you but does no damage.
The black draconian knight points at you and mumbles some strange words.
The shard of ice hits you!!!
You die...

##≈###≈#####.).○##
## ##≈## #...##
##≈≈##...#
##≈#...# ## #≈...#
#.# ##...#
#⌠.###'''###
####.........#
#......D##...#
.......q.⌠...#
.......#.....####
..##...#........#
# #...###......#
#... #.....># #...
#.).#### #...
#.).# #... #..§#


You could see a black draconian knight (fast, invisible, catching breath).

Vanquished Creatures
  Mara (Depths:1)
  A juggernaut (Depths:4)
  Boris (Depths:3)
  Parghit (Depths:4)
  3 golden dragons
  3 caustic shrikes (Depths:3)
  An electric golem (Zot:1)
  2 tentacled monstrosities (Zot:1)
  Zenata (Elf:1)
  A lich (Depths:3)
  2 deep elf master archers (Elf:3)
  A titan (Depths:2)
  5 deep elf blademasters
  Asterion (Elf:1)
  A death cob (Zot:1)
  2 sphinxes
  Gastronok (Lair:1)
  Kirke (Swamp:4)
  3 thorn hunters
  2 shadow dragons
  5 tengu reavers
  A storm dragon (Zot:1)
  Roxanne (Elf:2)
  Donald (Snake:1)
  10 nagarajas
  2 draconian monks (Zot:1)
  The ghost of lunkers the Earth Mage, a journeyman FoEE of Ashenzari (Snake:1)
  3 draconian knights
  A fire giant (Depths:2)
  5 deep elf sorcerers (Elf:3)
  2 imperial myrmidons (Desolation)
  An orc warlord (Orc:2)
  A draconian scorcher (Zot:1)
  6 deep elf elementalists
  7 frost giants
  Aizul (Snake:1)
  16 very ugly things
  4 reapers (IceCv)
  4 spriggan defenders
  11 stone giants
  A ghoul (Swamp:4)
  A draconian annihilator (Zot:1)
  5 eleionomae
  6 deep elf demonologists
  A black draconian (Depths:4)
  5 vampire knights
  6 yellow draconians
  3 white draconians
  A dire elephant (D:15)
  7 spark wasps
  9 deep elf annihilators (Elf:3)
  A minotaur (Gauntlet)
  2 halazid warlocks (Desolation)
  6 purple draconians
  5 red draconians
  2 bunyips
  7 ettins
  3 deep elf death magi (Elf:3)
  A crystal guardian (Desolation)
  2 shambling mangroves (Swamp:4)
  5 deep elf high priests (Elf:3)
  7 ragged hierophants
  9 fire dragons
  4 salamander tyrants (Snake:4)
  Harold (D:11)
  4 boulder beetles
  22 hydras
  A peacekeeper (Desolation)
  9 ice dragons
  5 rakshasas
  A vault guard (D:13)
  4 servants of whispers (Desolation)
  Erica (Orc:1)
  5 spriggan air magi
  A ghost crab (Swamp:2)
  A catoblepas (Lair:6)
  A death knight (D:14)
  4 two-headed ogres
  A centaur warrior (D:15)
  7 anacondas
  3 deep troll shamans
  10 naga warriors
  5 alligators
  16 death yaks
  26 dancing weapons
  7 tengu warriors
  2 deep troll earth magi
  A hell hog (Volcano)
  3 vampire magi
  6 spriggan berserkers
  9 shock serpents
  14 deep elf knights
  16 naga sharpshooters
  A sun demon (Depths:3)
  A hell knight (Depths:2)
  Sonja (Lair:1)
  3 iron trolls (Depths:3)
  A fire crab (Volcano)
  4 salamander mystics
  4 skeletal warriors
  Amaemon (Lair:1)
  4 goliath frogs
  2 spriggan druids
  A lindwurm (Lair:6)
  4 deep trolls
  3 wizards
  2 flayed ghosts
  3 spriggan simulacra (IceCv)
  2 naga ritualists
  3 orc knights (Orc:2)
  14 swamp dragons
  An obsidian statue (IceCv)
  2 orange crystal statues
  7 bog bodies
  2 ironbound convokers (Desolation)
  3 phantasmal warriors
  8 deep elf archers
  23 deep elf zephyrmancers
  18 deep elf pyromancers
  5 orc sorcerers
  6 mana vipers
  18 salamanders
  3 manticores
  A moth of wrath (Zot:2)
  2 will-o-the-wisps (Swamp:4)
  5 cyclopes
  32 ugly things
  Maurice (D:8)
  An ice statue (Gauntlet)
  15 elephants
  4 guardian serpents
  17 cane toads
  10 naga magi
  Joseph (D:8)
  2 molten gargoyles (Volcano)
  A gargoyle (D:11)
  3 smoke demons (Depths:3)
  22 black mambas
  Maggie (D:6)
  An orange demon (Lair:1)
  A kobold demonologist (D:11)
  Psyche (D:8)
  9 freezing wraiths
  8 komodo dragons
  2 ice devils (IceCv)
  5 entropy weaver simulacra
  An anaconda simulacrum (IceCv)
  7 rime drakes
  6 tengu conjurers (Depths:3)
  3 trolls
  2 polar bears (Lair:6)
  34 saltlings
  A wind drake (shapeshifter) (D:13)
  30 hornets
  A bloated husk (Swamp:3)
  7 tyrant leeches
  4 dream sheep
  13 blink frogs
  24 spriggans
  4 shadows
  A ynoxinul (Depths:2)
  7 water elementals
  2 air elementals (Elf:1)
  4 wraiths
  3 fire elementals
  5 fire bats (Volcano)
  A vampire (D:9)
  4 dire elephant simulacra
  4 wyverns
  64 yaks
  Grum (D:11)
  7 basilisks
  5 steam dragons
  21 vampire mosquitoes
  2 wargs
  2 harpy simulacra (IceCv)
  16 swamp worms
  6 minotaur simulacra
  A two-headed ogre zombie (D:12)
  44 nagas
  A hell hound (Volcano)
  19 water moccasins
  7 swamp drakes (Swamp:4)
  3 ice beasts
  23 orc warriors
  2 alligator simulacra (IceCv)
  4 black bears
  An ettin simulacrum (IceCv)
  33 wolves
  3 sky beasts (D:7)
  8 centaurs
  4 ogres
  2 phantoms
  15 bullfrogs
  2 gnoll sergeants (D:7)
  A scorpion (D:5)
  4 deep troll simulacra
  4 necrophages
  2 water moccasin zombies (Ossuary)
  5 earth elementals
  4 troll zombies (D:12)
  2 wights (D:9)
  A lindwurm simulacrum (D:14)
  6 killer bees (D:11)
  An electric eel (Lair:2)
  3 howler monkeys (D:10)
  8 lava snakes
  2 hounds
  20 orc priests
  Crazy Yiuf (D:2)
  2 iguanas (D:5)
  19 orc wizards
  10 hell rats
  3 ogre zombies (D:12)
  A mummy (Ossuary)
  Robin (D:2)
  11 gnolls
  11 adders
  2 white imps
  4 adder zombies (Ossuary)
  5 dart slugs
  42 orcs
  6 bats
  4 endoplasms (D:1)
  3 giant cockroaches
  5 gnoll zombies (Ossuary)
  14 goblins
  8 hobgoblins
  4 quokkas
  13 ball pythons
  3 frilled lizards
  4 hobgoblin skeletons (D:12)
  9 hobgoblin zombies
  4 kobolds
  3 kobold zombies (Ossuary)
  2 orc skeletons (D:12)
  16 orc zombies
  3 rats (D:1)
  A spectral hobgoblin (D:1)
  A briar patch (Swamp:1)
1439 creatures vanquished.

Vanquished Creatures (collateral kills)
  A boulder beetle (D:12)
  A two-headed ogre (D:7)
  Urug (D:10)
  2 ugly things (Depths:1)
  An orc sorcerer (Orc:2)
  A shadow (D:10)
  A wraith (D:7)
  A vampire mosquito (D:10)
  3 orc warriors
  2 orc wizards (Orc:2)
  An orc (Orc:2)
  A goblin zombie (D:12)
16 creatures vanquished.

Vanquished Creatures (others)
  A frost giant (shapeshifter) (Depths:1)
  A great orb of eyes (Gauntlet)
  2 ragged hierophants (Desolation)
  A hydra (Swamp:4)
  An orc high priest (Orc:2)
  A lindwurm (Lair:6)
  A deep elf pyromancer (Elf:2)
  A deep elf zephyrmancer (Elf:3)
  A bloated husk (Swamp:1)
  2 slime creatures (D:15)
  A yak (Slime:1)
  3 humans (Swamp:4)
  A steam dragon (D:7)
  A water moccasin (Lair:2)
  2 wolves
  A centaur (D:6)
  A kobold brigand (D:9)
  A wight (D:9)
  A howler monkey (D:8)
  3 orc priests
  215 jellies
  5 orc wizards
  A mummy (Ossuary)
  An adder (D:5)
  2 white imps
  An ufetubus (D:5)
  A dart slug (D:4)
  An endoplasm (D:2)
  13 orcs
  A ball python (D:4)
  3 giant cockroaches
  A gnoll zombie (Ossuary)
  3 goblins
  A hobgoblin (D:3)
  2 quokkas
  3 training dummies (D:4)
  5 kobolds (D:9)
  6 foxfires (Swamp:4)
  117 fungi
  166 plants
  16 withered plants
591 creatures vanquished.

Grand Total: 2046 creatures vanquished

Notes
Turn   | Place    | Note
-------+----------+-------------------------------------------
     0 | D:1      | trckry the Draconian Transmuter began the quest for the
                  | Orb.
     0 | D:1      | Reached XP level 1. HP: 16/16 MP: 3/3
   242 | D:1      | HP: 2/16 [goblin/+0 club (2)]
   567 | D:1      | Reached XP level 2. HP: 21/23 MP: 3/5
   570 | D:1      | Learned a level 2 spell: Wereblood
  1292 | D:1      | You fall into a shaft and drop 1 floor!
  1301 | D:2      | Reached XP level 3. HP: 22/28 MP: 4/6
  1566 | D:2      | Found Joshrot's Armour Boutique.
  1809 | D:1      | Found a faded altar of an unknown god.
  1839 | D:1      | Prayed at the altar of an unknown god.
  1839 | D:1      | Became a worshipper of Jiyva Jodgheem the Shapeless
  1839 | D:1      | Reached * piety under Jiyva
  2113 | D:2      | Found a burning altar of Makhleb.
  2167 | D:2      | Reached XP level 4. HP: 36/36 MP: 5/7
  2304 | D:2      | Noticed Robin
  2309 | D:2      | Killed Robin
  2462 | D:2      | Reached skill level 3 in Transmutations
  2509 | D:2      | Reached ** piety under Jiyva
  2599 | D:2      | Found a runed translucent door.
  2600 | D:2      | Noticed Crazy Yiuf
  2607 | D:2      | Learned a level 3 spell: Spider Form
  2618 | D:2      | Killed Crazy Yiuf
  2619 | D:2      | Reached XP level 5. HP: 22/41 MP: 8/8
  2889 | D:3      | Found an ornate altar of the Wu Jian Council.
  2889 | D:3      | Found a white marble altar of Elyvilon.
  2889 | D:3      | Found a burning altar of Makhleb.
  2898 | D:3      | Found a broken altar of Ashenzari.
  2900 | D:3      | Found an ancient bone altar of Kikubaaqudgha.
  2900 | D:3      | Found a sparkling altar of Nemelex Xobeh.
  2905 | D:3      | Found an opulent altar of Gozag.
  3029 | D:3      | Found a hazy altar of Hepliaklqana.
  3426 | D:4      | Reached *** piety under Jiyva
  3500 | D:4      | Gained mutation: You possess an exceptional clarity of
                  | mind. [Jiyva's grace]
  3500 | D:4      | Gained mutation: Your body has grown eyes which may confuse
                  | attackers. (Acc +3) [Jiyva's grace]
  3500 | D:4      | Gained mutation: Your body has grown many eyes which may
                  | confuse attackers. (Acc +5) [Jiyva's grace]
  3500 | D:4      | Gained mutation: Your body is covered in eyes which may
                  | confuse attackers. (Acc +7, SInv) [Jiyva's grace]
  3557 | D:4      | Reached XP level 6. HP: 50/50 MP: 10/10
  3641 | D:4      | Reached skill level 4 in Transmutations
  3918 | D:4      | Found Bopno's Firing Range.
  4182 | D:5      | Entered Level 5 of the Dungeon
  4241 | D:5      | Found Wisoimel's Weapon Shop.
  4279 | D:5      | Reached skill level 5 in Unarmed Combat
  4279 | D:5      | Your scales start taking on a lurid green colour.
  4279 | D:5      | Reached XP level 7. HP: 44/57 MP: 11/11
  4279 | D:5      | Gained mutation: Your system is resistant to poisons.
                  | (rPois) [Green Draconian growth]
  4310 | D:5      | Reached **** piety under Jiyva
  4517 | D:5      | Reached skill level 1 in Poison Magic
  4558 | D:5      | Reached skill level 1 in Evocations
  4650 | D:5      | Noticed a steam dragon
  4667 | D:5      | Killed a steam dragon
  4722 | D:5      | Reached XP level 8. HP: 60/66 MP: 13/13
  4916 | D:5      | Found a staircase to the Ecumenical Temple.
  4917 | D:5      | Reached ***** piety under Jiyva
  4925 | Temple   | Entered the Ecumenical Temple
  5554 | D:6      | Reached skill level 5 in Transmutations
  5648 | D:6      | Found a sand-covered staircase.
  5655 | Ossuary  | Entered an ossuary
  5878 | D:6      | Lost mutation: Your body is covered in eyes which may
                  | confuse attackers. (Acc +7, SInv) [Jiyva's grace]
  5878 | D:6      | Gained mutation: You are strong-willed. (Will+) [Jiyva's
                  | grace]
  5878 | D:6      | Gained mutation: You are highly strong-willed. (Will++)
                  | [Jiyva's grace]
  5878 | D:6      | Gained mutation: You are extremely strong-willed. (Will+++)
                  | [Jiyva's grace]
  5878 | D:6      | Gained mutation: You have large cloven feet. [Jiyva's
                  | grace]
  5912 | D:6      | Noticed Maggie
  5939 | D:6      | Killed Maggie
  6001 | D:6      | Noticed a troll
  6027 | D:6      | Killed a troll
  6028 | D:6      | Reached skill level 6 in Transmutations
  6028 | D:6      | Reached XP level 9. HP: 44/72 MP: 15/15
  6418 | D:7      | Reached skill level 5 in Fighting
  6448 | D:7      | Noticed a two-headed ogre
  6452 | D:7      | Noticed a troll
  6456 | D:7      | Killed a two-headed ogre
  6457 | D:7      | Reached skill level 7 in Transmutations
  6459 | D:7      | Killed a troll
  6464 | D:7      | Reached skill level 5 in Spellcasting
  6464 | D:7      | Reached XP level 10. HP: 75/83 MP: 17/17
  6554 | D:7      | Noticed a five-headed hydra
  6821 | D:7      | Reached skill level 5 in Dodging
  6926 | D:7      | Found the +6 lightning scales {swift, rElec}
  6935 | D:7      | Identified the +8 battleaxe of Psychosis {flame, rN+ Will+}
  6971 | D:7      | Learned a level 4 spell: Ice Form
  7106 | D:7      | Reached ****** piety under Jiyva
  7156 | D:7      | Slimified a five-headed hydra
  7156 | D:7      | Noticed an azure jelly
  7156 | D:7      | a five-headed hydra changed into an azure jelly
  7296 | D:8      | Noticed Maurice
  7321 | D:8      | Noticed Joseph
  7343 | D:8      | Killed Joseph
  7344 | D:8      | Reached skill level 8 in Transmutations
  7344 | D:8      | Reached skill level 1 in Ice Magic
  7351 | D:8      | Killed Maurice
  7416 | D:8      | Found a staircase to the Lair.
  7654 | D:8      | Noticed Psyche
  7666 | D:8      | Killed Psyche
  8133 | D:9      | Reached skill level 5 in Evocations
  8213 | D:9      | Found a glowing golden altar of the Shining One.
  8213 | D:9      | Found a hide-covered altar of Uskayaw.
  8327 | D:9      | Lost mutation: You have large cloven feet. [Jiyva's grace]
  8327 | D:9      | Gained mutation: Your large and strong wings let you fly.
                  | [Jiyva's grace]
  8327 | D:9      | Gained mutation: You have a small jelly attached to you
                  | that senses nearby items. [Jiyva's grace]
  8327 | D:9      | Gained mutation: You passively map a small area around you.
                  | [Jiyva's grace]
  8327 | D:9      | Gained mutation: You passively map the area around you.
                  | [Jiyva's grace]
  8463 | D:9      | Reached XP level 11. HP: 89/89 MP: 19/19
  8709 | D:9      | Found Wadiel's Armour Boutique.
  9088 | D:10     | Entered Level 10 of the Dungeon
  9179 | D:10     | Noticed a two-headed ogre
  9181 | D:10     | Reached skill level 9 in Transmutations
  9191 | D:10     | Killed a two-headed ogre
  9241 | D:10     | Noticed Urug
  9263 | D:10     | Killed Urug
  9455 | D:10     | Reached skill level 10 in Unarmed Combat
 10009 | D:11     | Noticed Harold
 10031 | D:11     | Killed Harold
 10032 | D:11     | Reached skill level 10 in Transmutations
 10471 | D:11     | Noticed Grum
 10480 | D:11     | Killed Grum
 10501 | D:11     | Noticed a two-headed ogre
 10507 | D:11     | Killed a two-headed ogre
 10662 | D:11     | Lost mutation: You are extremely strong-willed. (Will+++)
                  | [Jiyva's grace]
 10662 | D:11     | Lost mutation: You are highly strong-willed. (Will++)
                  | [Jiyva's grace]
 10662 | D:11     | Gained mutation: You are covered in slimy tendrils that may
                  | disarm your opponents. [Jiyva's grace]
 10662 | D:11     | Gained mutation: Your rubbery body absorbs attacks. (AC +1,
                  | EV +1) [Jiyva's grace]
 10662 | D:11     | Gained mutation: Your pliable body absorbs attacks. (AC +2,
                  | EV +2) [Jiyva's grace]
 10662 | D:11     | Gained mutation: Your gelatinous body deflects attacks. (AC
                  | +3, EV +3) [Jiyva's grace]
 10898 | D:11     | Identified a scroll of acquirement
 10898 | D:11     | Acquired a book of Transfigurations
 10906 | D:11     | Learned a level 5 spell: Blade Hands
 11027 | D:12     | Noticed a two-headed ogre
 11032 | D:12     | Killed a two-headed ogre
 11033 | D:12     | Reached XP level 12. HP: 74/96 MP: 21/21
 11125 | D:12     | Found a staircase to the Orcish Mines.
 11226 | D:12     | Noticed a four-headed hydra
 11236 | D:12     | Killed a four-headed hydra
 11237 | D:12     | Noticed a boulder beetle
 11243 | D:12     | HP: 2/96 [boulder beetle (18)]
 11247 | D:12     | Killed a boulder beetle
 11248 | D:12     | Reached skill level 11 in Transmutations
 11529 | D:12     | Found a portal to a secret trove of treasure.
 11557 | D:12     | Noticed a two-headed ogre
 11570 | D:12     | Killed a two-headed ogre
 12035 | Orc:1    | Entered Level 1 of the Orcish Mines
 12197 | Orc:2    | Entered Level 2 of the Orcish Mines
 12321 | Orc:2    | Found a staircase to the Elven Halls.
 12601 | Orc:2    | Noticed an orc warlord
 12623 | Orc:2    | Killed an orc warlord
 12624 | Orc:2    | Reached skill level 12 in Transmutations
 12640 | Orc:2    | HP: 4/91 [orc sorcerer/bolt of negative energy (33)]
 12847 | Orc:2    | Noticed an orc high priest
 12900 | Orc:2    | Killed an orc high priest
 12902 | Orc:2    | Found Niboebb's Jewellery Shoppe.
 12928 | Orc:2    | Found Xuoghusmisch's Antique Weapon Shoppe.
 12945 | Orc:2    | Found Meavablu's General Store.
 13079 | Orc:2    | Found Gayx's Antique Armour Shoppe.
 13085 | Orc:2    | Bought a pair of runed boots for 187 gold pieces
 13085 | Orc:2    | Bought a pair of embroidered gloves for 187 gold pieces
 13210 | Orc:1    | Reached XP level 13. HP: 85/101 MP: 19/22
 13373 | Orc:1    | Noticed Erica
 13402 | Orc:1    | Killed Erica
 13698 | Lair:1   | Entered Level 1 of the Lair of Beasts
 13752 | Lair:1   | Lost mutation: Your large and strong wings let you fly.
                  | [Jiyva's grace]
 13752 | Lair:1   | Lost mutation: Your body has grown many eyes which may
                  | confuse attackers. (Acc +5) [Jiyva's grace]
 13752 | Lair:1   | Lost mutation: Your gelatinous body deflects attacks. (AC
                  | +3, EV +3) [Jiyva's grace]
 13752 | Lair:1   | Gained mutation: Your flesh is heat resistant. (rF+)
                  | [Jiyva's grace]
 13752 | Lair:1   | Gained mutation: Your flesh is very heat resistant. (rF++)
                  | [Jiyva's grace]
 13752 | Lair:1   | Gained mutation: Your flesh is almost immune to the effects
                  | of heat. (rF+++) [Jiyva's grace]
 13752 | Lair:1   | Gained mutation: You have acidic saliva. [Jiyva's grace]
 13771 | Lair:1   | Noticed Gastronok
 13786 | Lair:1   | Killed Gastronok
 13812 | Lair:1   | Noticed Sonja
 13819 | Lair:1   | Killed Sonja
 14106 | Lair:1   | Noticed Amaemon
 14115 | Lair:1   | Killed Amaemon
 14245 | Lair:1   | Learned a level 5 spell: Irradiate
 14555 | Lair:2   | Found a staircase to the Swamp.
 14823 | Lair:2   | Reached skill level 13 in Transmutations
 15335 | Lair:3   | Found a dark tunnel.
 15353 | Volcano  | Entered a volcano
 15433 | Volcano  | Lost mutation: You possess an exceptional clarity of mind.
                  | [Jiyva's grace]
 15433 | Volcano  | Lost mutation: Your flesh is almost immune to the effects
                  | of heat. (rF+++) [Jiyva's grace]
 15433 | Volcano  | Lost mutation: Your flesh is very heat resistant. (rF++)
                  | [Jiyva's grace]
 15433 | Volcano  | Lost mutation: You passively map the area around you.
                  | [Jiyva's grace]
 15433 | Volcano  | Lost mutation: You have acidic saliva. [Jiyva's grace]
 15433 | Volcano  | Gained mutation: You have sharp toenails. [Jiyva's grace]
 15433 | Volcano  | Gained mutation: You have razor-sharp toenails. [Jiyva's
                  | grace]
 15433 | Volcano  | Gained mutation: You have claws for feet. [Jiyva's grace]
 15433 | Volcano  | Gained mutation: You have a pair of small horns on your
                  | head. [Jiyva's grace]
 15596 | Volcano  | Found a burning altar of Makhleb.
 15992 | Lair:3   | Identified the +6 scale mail "Yjur" {rElec rPois rCorr MP+9
                  | Str-4}
 16687 | Lair:4   | Gained mutation: Your tail ends in a venomous barb. [Green
                  | Draconian growth]
 16687 | Lair:4   | Reached XP level 14. HP: 113/113 MP: 24/24
 16720 | Lair:4   | Found a staircase to the Snake Pit.
 17214 | Lair:4   | Reached skill level 14 in Transmutations
 17570 | Lair:5   | Lost mutation: You have a pair of small horns on your head.
                  | [Jiyva's grace]
 17570 | Lair:5   | Lost mutation: You have claws for feet. [Jiyva's grace]
 17570 | Lair:5   | Gained mutation: You have a small jelly attached to you
                  | that may absorb projectiles. [Jiyva's grace]
 17570 | Lair:5   | Gained mutation: You have a pair of small antennae on your
                  | head. [Jiyva's grace]
 17570 | Lair:5   | Gained mutation: You have a pair of antennae on your head.
                  | [Jiyva's grace]
 17570 | Lair:5   | Gained mutation: You have a pair of large antennae on your
                  | head. (SInv) [Jiyva's grace]
 18243 | Lair:5   | Reached XP level 15. HP: 121/121 MP: 26/26
 18252 | Lair:5   | Learned a level 7 spell: Dragon Form
 18275 | Lair:6   | Entered Level 6 of the Lair of Beasts
 18333 | Lair:6   | Lost mutation: You have a small jelly attached to you that
                  | may absorb projectiles. [Jiyva's grace]
 18333 | Lair:6   | Gained mutation: You have acidic saliva. [Jiyva's grace]
 18333 | Lair:6   | Gained mutation: You are highly strong-willed. (Will++)
                  | [Jiyva's grace]
 18333 | Lair:6   | Gained mutation: You are extremely strong-willed. (Will+++)
                  | [Jiyva's grace]
 18333 | Lair:6   | Gained mutation: You are somewhat resistant to further
                  | mutation. [Jiyva's grace]
 18462 | Lair:6   | Found a viscous altar of Jiyva.
 18464 | Lair:6   | Found a staircase to the Slime Pits.
 18550 | Slime:1  | Entered Level 1 of the Pits of Slime
 18575 | Slime:1  | Noticed an acid blob
 18748 | Slime:2  | Noticed an azure jelly
 18750 | Slime:2  | Noticed an azure jelly
 18754 | Slime:2  | Noticed an acid blob
 18900 | Slime:2  | Noticed a rockslime
 18909 | Slime:2  | Noticed an azure jelly
 18946 | Slime:2  | Noticed an acid blob
 19015 | Slime:3  | Noticed an acid blob
 19015 | Slime:3  | Noticed a rockslime
 19150 | Slime:4  | Noticed an acid blob
 19213 | Slime:5  | Entered Level 5 of the Pits of Slime
 19213 | Slime:5  | Noticed an azure jelly
 19230 | Slime:5  | Noticed an acid blob
 19235 | Slime:5  | Noticed Dissolution
 19243 | Slime:5  | Noticed an acid blob
 19249 | Slime:5  | Noticed a rockslime
 19249 | Slime:5  | Noticed an acid blob
 19250 | Slime:5  | Found a viscous altar of Jiyva.
 19250 | Slime:5  | Noticed an acid blob
 19250 | Slime:5  | Noticed the Royal Jelly
 19250 | Slime:5  | Noticed a rockslime
 19252 | Slime:5  | Noticed a rockslime
 19252 | Slime:5  | Noticed an acid blob
 19259 | Slime:5  | Noticed an azure jelly
 19271 | Slime:5  | Noticed an acid blob
 19278 | Slime:5  | Noticed an azure jelly
 19304 | Slime:5  | Identified the amulet of Departure {Reflect +Blink rF-
                  | Int+8 Dex+5 SH+5}
 19308 | Slime:5  | Got a slimy rune of Zot
 19327 | Slime:5  | Identified the +1 chain mail of Prudence {rC+ SInv}
 19328 | Slime:5  | Identified the +4 leather armour of the Teaching Gods {rC+
                  | Str+4}
 19337 | Slime:5  | Noticed an azure jelly
 19368 | Slime:5  | Noticed an acid blob
 19673 | Lair:6   | Reached skill level 10 in Evocations
 19987 | Lair:6   | Reached skill level 15 in Unarmed Combat
 20488 | Lair:6   | Reached skill level 15 in Transmutations
 20494 | Lair:6   | Reached XP level 16. HP: 132/132 MP: 28/28
 21134 | D:13     | Found a gate to the Vaults.
 21662 | D:14     | Found a frozen archway.
 21737 | IceCv    | Entered an ice cave
 21749 | IceCv    | Lost mutation: You have a pair of large antennae on your
                  | head. (SInv) [Jiyva's grace]
 21749 | IceCv    | Lost mutation: You have a pair of antennae on your head.
                  | [Jiyva's grace]
 21749 | IceCv    | Lost mutation: You are extremely strong-willed. (Will+++)
                  | [Jiyva's grace]
 21749 | IceCv    | Lost mutation: Your body has grown eyes which may confuse
                  | attackers. (Acc +3) [Jiyva's grace]
 21749 | IceCv    | Lost mutation: Your pliable body absorbs attacks. (AC +2,
                  | EV +2) [Jiyva's grace]
 21749 | IceCv    | Lost mutation: You have a small jelly attached to you that
                  | senses nearby items. [Jiyva's grace]
 21749 | IceCv    | Gained mutation: Your tail ends in a sharp venomous barb.
                  | [Jiyva's grace]
 21749 | IceCv    | Gained mutation: Your tail ends in a wickedly sharp and
                  | venomous barb. [Jiyva's grace]
 21749 | IceCv    | Gained mutation: Your translucent skin slightly reduces
                  | your foes' accuracy. (Stealth+) [Jiyva's grace]
 21749 | IceCv    | Gained mutation: Your translucent skin reduces your foes'
                  | accuracy. (Stealth+) [Jiyva's grace]
 22206 | IceCv    | Found the +8 frozen axe "Frostbite" {freezing cloud, *Noise
                  | Fly rC+}
 22729 | D:14     | Found the +12 pair of quick blades "Gyre" and "Gimble"
                  | {protect}
 22895 | D:14     | Found a hide-covered altar of Uskayaw.
 23291 | D:15     | Entered Level 15 of the Dungeon
 23428 | D:15     | Found a gate leading to a gauntlet.
 23441 | Gauntlet | Entered a Gauntlet
 23441 | Gauntlet | Found a transporter.
 23441 | Gauntlet | Found a transporter.
 23442 | Gauntlet | Found a transporter.
 23445 | Gauntlet | Found a transporter.
 23447 | Gauntlet | Found a large runed translucent door.
 23447 | Gauntlet | Found a transporter.
 23448 | Gauntlet | Found a large runed translucent door.
 23449 | Gauntlet | Found a large runed translucent door.
 23449 | Gauntlet | Found a large runed translucent door.
 23449 | Gauntlet | Found a runed translucent door.
 23449 | Gauntlet | Found a runed translucent door.
 23450 | Gauntlet | Found a large runed translucent door.
 23450 | Gauntlet | Found a large runed translucent door.
 23450 | Gauntlet | Found a large runed translucent door.
 23450 | Gauntlet | Found a large runed translucent door.
 23451 | Gauntlet | Found a large runed translucent door.
 23451 | Gauntlet | Found a large runed translucent door.
 23452 | Gauntlet | Found a large runed translucent door.
 23452 | Gauntlet | Found a large runed translucent door.
 23453 | Gauntlet | Found a runed translucent gate.
 23453 | Gauntlet | Found a runed translucent gate.
 23453 | Gauntlet | Found a runed translucent gate.
 23455 | Gauntlet | Found a transporter.
 23459 | Gauntlet | Found a transporter.
 23469 | Gauntlet | Found a transporter.
 23501 | Gauntlet | Found a large runed translucent door.
 23501 | Gauntlet | Found a large runed translucent door.
 23504 | Gauntlet | Found a large runed translucent door.
 23504 | Gauntlet | Found a large runed translucent door.
 23561 | Gauntlet | Found a transporter.
 23567 | Gauntlet | Lost mutation: You have a pair of small antennae on your
                  | head. [Jiyva's grace]
 23567 | Gauntlet | Lost mutation: You passively map a small area around you.
                  | [Jiyva's grace]
 23567 | Gauntlet | Lost mutation: You are covered in slimy tendrils that may
                  | disarm your opponents. [Jiyva's grace]
 23567 | Gauntlet | Gained mutation: You are agile. (Dex +2) [Jiyva's grace]
 23567 | Gauntlet | Gained mutation: You are very agile. (Dex +4) [Jiyva's
                  | grace]
 23567 | Gauntlet | Gained mutation: You are covered in slimy tendrils that may
                  | disarm your opponents. [Jiyva's grace]
 23567 | Gauntlet | Lost mutation: You are somewhat resistant to further
                  | mutation. [Jiyva's grace]
 23567 | Gauntlet | Gained mutation: You have hidden genetic potential.
                  | [Jiyva's grace]
 23573 | Gauntlet | Found a transporter.
 23575 | Gauntlet | Found a transporter.
 23589 | Gauntlet | Found a transporter.
 23732 | Gauntlet | Got the Collected Works on Hurtful Displacement
 23742 | Gauntlet | Identified the +3 robe of Time Monsters {rCorr}
 23784 | D:15     | Found a sacrificial altar of Ru.
 24105 | D:15     | Reached skill level 10 in Fighting
 24139 | D:15     | Found a staircase to the Depths.
 24502 | Snake:1  | Entered Level 1 of the Snake Pit
 24526 | Snake:1  | Reached skill level 16 in Transmutations
 24695 | Snake:1  | Found a glowing silver altar of Zin.
 24729 | Snake:1  | Noticed Aizul
 24741 | Snake:1  | Killed Aizul
 24899 | Snake:1  | Found Bolum's General Store.
 25021 | Snake:1  | Reached XP level 17. HP: 140/140 MP: 26/30
 25083 | Snake:1  | Found a large runed translucent door.
 25083 | Snake:1  | Found a large runed translucent door.
 25084 | Snake:1  | Noticed Donald
 25086 | Snake:1  | Noticed lunkers's ghost (journeyman FoEE)
 25096 | Snake:1  | Killed Donald
 25111 | Snake:1  | Killed lunkers's ghost
 25734 | Snake:2  | Found Xozo's Antique Weapon Shoppe.
 26012 | Snake:3  | Lost mutation: Your tail ends in a wickedly sharp and
                  | venomous barb. [Jiyva's grace]
 26012 | Snake:3  | Lost mutation: You are very agile. (Dex +4) [Jiyva's grace]
 26012 | Snake:3  | Lost mutation: You have hidden genetic potential. [Jiyva's
                  | grace]
 26012 | Snake:3  | Gained mutation: Armour fits poorly on your pseudopods.
                  | [Jiyva's grace]
 26012 | Snake:3  | Gained mutation: Armour fits poorly on your large
                  | pseudopods. [Jiyva's grace]
 26012 | Snake:3  | Gained mutation: Armour fits poorly on your massive
                  | pseudopods. [Jiyva's grace]
 26012 | Snake:3  | Gained mutation: Your mind is acute. (Int +2) [Jiyva's
                  | grace]
 27064 | Snake:4  | Entered Level 4 of the Snake Pit
 27927 | Snake:4  | Reached skill level 17 in Transmutations
 27993 | Snake:4  | Reached skill level 10 in Spellcasting
 28229 | Snake:4  | Got a serpentine rune of Zot
 28359 | Snake:4  | Lost mutation: You are highly strong-willed. (Will++)
                  | [Jiyva's grace]
 28359 | Snake:4  | Lost mutation: Armour fits poorly on your massive
                  | pseudopods. [Jiyva's grace]
 28359 | Snake:4  | Gained mutation: You have a small jelly attached to you
                  | that may absorb projectiles. [Jiyva's grace]
 28359 | Snake:4  | Gained mutation: Your pliable body absorbs attacks. (AC +2,
                  | EV +2) [Jiyva's grace]
 28359 | Snake:4  | Gained mutation: Your gelatinous body deflects attacks. (AC
                  | +3, EV +3) [Jiyva's grace]
 28359 | Snake:4  | Gained mutation: Your large and strong wings let you fly.
                  | [Jiyva's grace]
 28361 | Snake:4  | Reached XP level 18. HP: 151/151 MP: 32/32
 28712 | Swamp:1  | Entered Level 1 of the Swamp
 28735 | Swamp:1  | You are sucked into a shaft and drop 1 floor!
 29844 | Swamp:3  | Reached skill level 10 in Conjurations
 29862 | Swamp:3  | Identified the +7 triple sword of Mana {vorpal, rCorr}
 30343 | Swamp:4  | Entered Level 4 of the Swamp
 30535 | Swamp:4  | Noticed Kirke
 30542 | Swamp:4  | Killed Kirke
 30543 | Swamp:4  | Reached skill level 18 in Transmutations
 30562 | Swamp:4  | Lost mutation: Your large and strong wings let you fly.
                  | [Jiyva's grace]
 30562 | Swamp:4  | Lost mutation: You have razor-sharp toenails. [Jiyva's
                  | grace]
 30562 | Swamp:4  | Lost mutation: You are agile. (Dex +2) [Jiyva's grace]
 30562 | Swamp:4  | Lost mutation: You are strong-willed. (Will+) [Jiyva's
                  | grace]
 30562 | Swamp:4  | Lost mutation: You have acidic saliva. [Jiyva's grace]
 30562 | Swamp:4  | Lost mutation: Your gelatinous body deflects attacks. (AC
                  | +3, EV +3) [Jiyva's grace]
 30562 | Swamp:4  | Lost mutation: Your pliable body absorbs attacks. (AC +2,
                  | EV +2) [Jiyva's grace]
 30562 | Swamp:4  | Lost mutation: Armour fits poorly on your large pseudopods.
                  | [Jiyva's grace]
 30562 | Swamp:4  | Gained mutation: Your pliable body absorbs attacks. (AC +2,
                  | EV +2) [Jiyva's grace]
 30562 | Swamp:4  | Gained mutation: Your gelatinous body deflects attacks. (AC
                  | +3, EV +3) [Jiyva's grace]
 30562 | Swamp:4  | Gained mutation: You have supernaturally acute eyesight.
                  | (SInv) [Jiyva's grace]
 30562 | Swamp:4  | Gained mutation: Your body has grown eyes which may confuse
                  | attackers. (Acc +3) [Jiyva's grace]
 30770 | Swamp:4  | Got a decaying rune of Zot
 30984 | Swamp:4  | Upgraded the game from 0.29-a0-409-gd843f3a48c to
                  | 0.29-a0-414-g5075937ec3
 31259 | Elf:1    | Entered Level 1 of the Elven Halls
 31295 | Elf:1    | Noticed Zenata
 31318 | Elf:1    | Killed Zenata
 31390 | Elf:1    | Noticed Asterion
 31408 | Elf:1    | Killed Asterion
 31508 | Elf:1    | Found a crumbling gateway.
 31519 | Elf:1    | Reached XP level 19. HP: 160/160 MP: 34/34
 31528 | Desolati | Entered the Desolation of Salt
 31707 | Desolati | HP: 26/214 [??? (24)]
 31712 | Desolati | HP: 30/214 [poisoned by a guardian serpent (bolt of
                  | poison)]
 31742 | Desolati | HP: 24/214 [??? (21)]
 31862 | Desolati | Got Tirelami's Guide on Doomed Earth
 31866 | Desolati | Got the Incunabulum of Dislocated Venom
 31873 | Desolati | Identified the ring "Fiagaam" {Fly rElec Slay+4}
 31887 | Desolati | Identified the amulet of Vuminoje {Reflect Int+5 SH+5}
 31934 | Desolati | Identified the ring "Qyorphio" {rPois MP+9}
 31957 | Desolati | Identified the +6 flail of Might {holy, Will- Int+7 Dex+7}
 31984 | Desolati | Identified the +1 leather armour of the Evening Star {rF+
                  | SInv}
 31998 | Desolati | Identified the ring "Bocammesk" {rF++ Str+6 Int-4 Dex+3
                  | SInv}
 32384 | Elf:1    | Paralysed by an air elemental for 1 turns
 32689 | Elf:2    | Noticed a Tzitzimitl
 32706 | Elf:2    | Reached skill level 19 in Transmutations
 32782 | Elf:2    | Identified Roxanne's Incunabulum of Moulding
 32782 | Elf:2    | Noticed Roxanne
 32798 | Elf:2    | Found a runed translucent gate.
 32799 | Elf:2    | Found a runed translucent gate.
 32799 | Elf:2    | Found a runed translucent gate.
 32969 | Elf:2    | Found a bloodstained altar of Trog.
 33115 | Elf:2    | Lost mutation: You have supernaturally acute eyesight.
                  | (SInv) [Jiyva's grace]
 33115 | Elf:2    | Lost mutation: Your translucent skin reduces your foes'
                  | accuracy. (Stealth+) [Jiyva's grace]
 33115 | Elf:2    | Lost mutation: You have a small jelly attached to you that
                  | may absorb projectiles. [Jiyva's grace]
 33115 | Elf:2    | Gained mutation: You possess an exceptional clarity of
                  | mind. [Jiyva's grace]
 33115 | Elf:2    | Gained mutation: Armour fits poorly on your large
                  | pseudopods. [Jiyva's grace]
 33115 | Elf:2    | Gained mutation: Armour fits poorly on your massive
                  | pseudopods. [Jiyva's grace]
 33115 | Elf:2    | Gained mutation: Your body has grown many eyes which may
                  | confuse attackers. (Acc +5) [Jiyva's grace]
 33286 | Elf:2    | Acquired 1195 gold pieces
 33381 | Elf:2    | Killed Roxanne
 33918 | Elf:2    | Learned a level 6 spell: Statue Form
 33991 | Elf:3    | Entered Level 3 of the Elven Halls
 34001 | Elf:3    | Identified the +7 dagger of Uffy Hud Muo {flame, Drain rF+
                  | Str+4}
 34448 | Elf:3    | Reached skill level 1 in Earth Magic
 34698 | Elf:3    | Identified the amulet of the Scorching Madman {Reflect
                  | Int+5 SH+5}
 34797 | Elf:3    | Noticed a Brimstone Fiend
 34853 | Elf:3    | Found a runed translucent door.
 34854 | Elf:3    | Noticed Psyclone's ghost (veteran OpIE)
 34872 | Elf:3    | Identified the +2 rapier of Fragile Peace {freeze, Int+3}
 34884 | Elf:3    | Reached XP level 20. HP: 168/168 MP: 35/35
 35055 | Elf:3    | Identified the +3 leather armour "Yfuopp" {rF+ Will+
                  | Regen+}
 35080 | Elf:3    | Reached skill level 20 in Unarmed Combat
 35224 | Elf:3    | Reached skill level 20 in Transmutations
 35282 | Elf:3    | Identified the +10 flail of Premature Burial {flame, rC+}
 35282 | Elf:3    | Identified the +1 robe "Gybadd" {rPois Str+3 SInv}
 35316 | Elf:3    | Got Sif Muna's Almanac of Supportive Malediction
 35409 | Elf:3    | Got the Almanac of the Voyage
 35865 | Depths:1 | Entered Level 1 of the Depths
 36258 | Depths:1 | Noticed Mara
 36279 | Depths:1 | Killed Mara
 36292 | Depths:1 | Lost mutation: You have sharp toenails. [Jiyva's grace]
 36292 | Depths:1 | Lost mutation: Your mind is acute. (Int +2) [Jiyva's grace]
 36292 | Depths:1 | Lost mutation: Your gelatinous body deflects attacks. (AC
                  | +3, EV +3) [Jiyva's grace]
 36292 | Depths:1 | Lost mutation: Armour fits poorly on your massive
                  | pseudopods. [Jiyva's grace]
 36292 | Depths:1 | Gained mutation: You are strong-willed. (Will+) [Jiyva's
                  | grace]
 36292 | Depths:1 | Gained mutation: You are highly strong-willed. (Will++)
                  | [Jiyva's grace]
 36292 | Depths:1 | Gained mutation: You are extremely strong-willed. (Will+++)
                  | [Jiyva's grace]
 36292 | Depths:1 | Gained mutation: You have large cloven feet. [Jiyva's
                  | grace]
 36295 | Depths:1 | Found a sparkling altar of Nemelex Xobeh.
 36351 | Depths:1 | Found a one-way gateway to a ziggurat.
 36581 | Depths:1 | Found a gateway to Hell.
 36622 | Depths:1 | Found Uplitwiu's Armour Shop.
 37244 | Depths:2 | Reached skill level 5 in Earth Magic
 37540 | Depths:2 | Reached skill level 21 in Transmutations
 37596 | Depths:2 | Identified the amulet of the Circus Animal {Faith Regen+}
 37781 | Depths:2 | Found a one-way gate leading to the halls of Pandemonium.
 38121 | Depths:2 | Found Meicw's Book Boutique.
 38121 | Depths:2 | Found Gavibusch's Jewellery Emporium.
 38122 | Depths:2 | Found Mopypp's Jewellery Emporium.
 38202 | Depths:3 | Found a one-way gate to the infinite horrors of the Abyss.
 38206 | Depths:3 | Reached XP level 21. HP: 174/174 MP: 30/37
 38676 | Depths:3 | Lost mutation: Your tail ends in a sharp venomous barb.
                  | [Jiyva's grace]
 38676 | Depths:3 | Lost mutation: Armour fits poorly on your large pseudopods.
                  | [Jiyva's grace]
 38676 | Depths:3 | Lost mutation: Your translucent skin slightly reduces your
                  | foes' accuracy. (Stealth+) [Jiyva's grace]
 38676 | Depths:3 | Gained mutation: Your tail ends in a sharp venomous barb.
                  | [Jiyva's grace]
 38676 | Depths:3 | Gained mutation: Your tail ends in a wickedly sharp and
                  | venomous barb. [Jiyva's grace]
 38676 | Depths:3 | Gained mutation: Your mind is acute. (Int +2) [Jiyva's
                  | grace]
 38676 | Depths:3 | Gained mutation: Your mind is very acute. (Int +4) [Jiyva's
                  | grace]
 38697 | Depths:3 | Reached skill level 22 in Transmutations
 38743 | Depths:3 | Noticed a caustic shrike
 38743 | Depths:3 | Noticed a caustic shrike
 38747 | Depths:3 | Noticed a caustic shrike
 38753 | Depths:3 | Killed a caustic shrike
 38757 | Depths:3 | Killed a caustic shrike
 38760 | Depths:3 | Killed a caustic shrike
 39055 | Depths:3 | Found a transporter.
 39154 | Depths:3 | Found a transporter.
 39154 | Depths:3 | Noticed Boris
 39164 | Depths:3 | Killed Boris
 39212 | Depths:3 | Got Umifru's Papyrus of Igneous Curses
 39303 | Depths:3 | Noticed a juggernaut
 39383 | Depths:4 | Entered Level 4 of the Depths
 39636 | Depths:4 | Found a gate to the Realm of Zot.
 39636 | Depths:4 | Noticed a golden dragon
 39643 | Depths:4 | Reached skill level 23 in Transmutations
 39649 | Depths:4 | Killed a golden dragon
 39679 | Depths:4 | Noticed a juggernaut
 39686 | Depths:4 | Killed a juggernaut
 39965 | Depths:4 | Found Big Baal Hell's Store.
 40226 | Depths:4 | Noticed Parghit
 40227 | Depths:4 | Identified the +4 chain mail "Iredo" {rPois Will+ Dex-3}
 40234 | Depths:4 | Killed Parghit
 40603 | Zot:1    | Entered Level 1 of the Realm of Zot
 40824 | Zot:2    | Noticed a curse toe
 41057 | Zot:1    | Reached XP level 22. HP: 180/180 MP: 38/38
 41094 | Zot:1    | Noticed a golden dragon
 41102 | Zot:1    | Killed a golden dragon
 41110 | Zot:1    | Noticed a golden dragon
 41116 | Zot:1    | Killed a golden dragon
 41223 | Zot:1    | HP: 26/271 [black draconian knight/bolt of cold (38)]
 41232 | Zot:1    | HP: 32/271 [black draconian knight/+0 halberd (12)]
 41233 | Zot:1    | HP: 15/271 [black draconian knight/bolt of lightning (14)]
 41234 | Zot:1    | Killed from afar by a black draconian knight

Illustrated notes

Levels and vault maps discovered:
D:1:      dpeg_arrival_tiny_a, layout_basic,
          dreamdust_ecumenical_altar_drowned_temple, serial_forest,
          infiniplex_forest_clump_curved, infiniplex_forest_clump_large,
          infiniplex_forest_lined_room_2, infiniplex_forest_lined_corner,
          infiniplex_forest_clump_curved, infiniplex_forest_pool,
          infiniplex_forest_corner_2
D:2:      layout_loops_cross, serial_shops, shop, basic_altar, dk_vineyard_3,
          minmay_snake_closets, uniq_robin, uniq_crazy_yiuf_cottage
D:3:      layout_loops_ring, mainiacjoe_overflow_paths,
          grunt_temple_overflow_open
D:4:      layout_basic, nicolae_shop_firing_range
D:5:      layout_basic, minmay_temple_entry_overgrown, serial_shops, shop
D:6:      layout_loops_cross, chequers_ossuary_entry_cave, uniq_maggie
D:7:      minmay_the_grid_plus_closed [minmay_the_grid_broken_lines,
          minmay_the_grid_rooms, minmay_the_grid_fan, minmay_the_grid_dragon_b,
          minmay_the_grid_prize_trominoes], layout_loops_corners
D:8:      layout_loops_ring, dpeg_oklobed_lair, uniq_psyche, uniq_joseph,
          uniq_maurice
D:9:      layout_basic, gammafunk_temple_overflow_statue, serial_shops,
          nicolae_shop_hallway_stairs
D:10:     layout_basic, uniq_urug
D:11:     layout_long_grid, serial_rivers, chequers_serial_rivers_large_b,
          chequers_serial_rivers_small_3, chequers_serial_rivers_micro_b,
          chequers_serial_rivers_micro_b, chequers_serial_rivers_room_a,
          uniq_harold, uniq_grum
D:12:     layout_loops_corners, zombieorc2_lemuel, enter_trove_6
D:13:     layout_loops_ring, david_vaults_4
D:14:     layout_stronghold, nicolae_uskayaw_suspiria,
          portal_ice_cave_entry_ice_simulacra,
          hellmonk_guarded_unrand_gyre_and_gimble
D:15:     hangedman_depths_entry_try_elsewhere_first, layout_rooms,
          gauntlet_entry_generic, nicolae_ru_sacrificial_ziggurat
Temple:   minmay_temple_forest_path
Lair:1:   layout_gridlike, minmay_hedge_maze, chequers_serial_rivers_room_b,
          uniq_gastronok, uniq_amaemon, uniq_sonja
Lair:2:   layout_cave_pods, minmay_swamp_entry_swarm, nicolae_lair_lil_pond,
          grunt_megastairs_3
Lair:3:   layout_roguey, nicolae_volcano_entry_hallway, grunt_megastairs_5
Lair:4:   layout_roguey, guppyfry_snake_entry_garden, minivault_23,
          grunt_forest_large_clearing_hut
Lair:5:   layout_regular_city
Lair:6:   grunt_lair_end_beastmaster, layout_regular_city, slime_altar_1
Swamp:1:  layout_basic_swamp, serial_swamp_ruin, evilmike_swamp_ruin_rubble_1,
          hangedman_swamp_ruin_hall, evilmike_swamp_ruin_house_2,
          infiniplex_staircase_pool
Swamp:2:  layout_basic_swamp, evilmike_swamp_ruin_house_1
Swamp:3:  layout_falls_marsh, nicolae_swamp_stair_fork
Swamp:4:  swamp_alternative, layout_basic_swamp, uniq_kirke
Snake:1:  layout_misc_corridors, ebering_ghost_disaster_area, serial_shops,
          shop, basic_altar, uniq_aizul, uniq_donald
Snake:2:  layout_gridlike, serial_shops, nicolae_shop_statue_plus
Snake:3:  layout_chambers, grunt_ministairs_3
Snake:4:  minmay_snake_end_coiled, layout_cave_town, nicolae_fountain_basement
Slime:1:  layout_caves
Slime:2:  layout_caves
Slime:3:  layout_caves
Slime:4:  layout_caves
Slime:5:  uniq_dissolution
Orc:1:    layout_caves, uniq_erica
Orc:2:    grunt_orc_cross, layout_diamond_mine, basic_altar
Elf:1:    eino_elf_arrival_sip, layout_gridlike,
          portal_desolation_entry_nicolae_nacl, minivault_28, uniq_asterion,
          uniq_zenata
Elf:2:    nicolae_elf_blades_crystal_corner, layout_geoelf_grid,
          evilmike_spriggan_trog_shrine, uniq_roxanne
Elf:3:    minmay_elf_hall_furrowed, layout_onion_city, gammafunk_ghost_grave,
          guppyfry_elf_altar
Depths:1: layout_gridlike, enter_ziggurat_d, grunt_hell_entry_dis_grunt,
          serial_shops, shop, hangedman_abyss_or_decor_passed,
          corexii_corridor_pit, nemelex_diamond_rough_becter, uniq_mara
Depths:2: minmay_concentric_multi, layout_cave_pools, minmay_misc_feat_roman,
          rand_demon_pan_entry_4, hell_entry, minmay_shop_grove,
          infiniplex_staircase_door_maze
Depths:3: gammafunk_its_a_trap, layout_cave_shapes, roderic_three_in_a_row,
          hellmouth_2, abyss_entry, minivault_15, uniq_boris
Depths:4: grunt_twist_and_shout, layout_honeycomb,
          nicolae_hell_entry_big_baal_hell, serial_sigils_hangedman_writhe,
          hangedman_abyss_or_decor_jellyfish_corner, uniq_parghit
Zot:1:    layout_misc_corridors, hangedman_elemental_corridor
Zot:2:    layout_basic

Skill      XL: |  1  2  3  4  5  6  7  8  9 10 11 12 13 14 15 16 17 18 19 20 21 |
---------------+----------------------------------------------------------------+-----
Dodging        | 2 3 4 5 6 |  6.0
Fighting       | 2 3 4 5 6 7 8 9 10 11 12 | 12.0
Unarmed Combat | 4 5 6 7 9 11 12 13 14 15 16 17 18 19 21 | 21.7
Transmutations | 3 4 6 7 8 10 12 13 14 15 16 17 18 19 21 23 | 23.9
Spellcasting   | 3 4 5 6 7 8 9 10 11 12 | 12.0
Poison Magic   | 2 3 |  3.0
Evocations     | 1 2 4 5 6 8 9 10 11 12 | 12.0
Ice Magic      | 2 3 |  3.0
Conjurations   | 6 8 9 10 11 12 | 12.0
Earth Magic    | 1 6 |  6.0

Action                   |  1- 3 |  4- 6 |  7- 9 | 10-12 | 13-15 | 16-18 | 19-21 | 22-24 || total
-------------------------+-------+-------+-------+-------+-------+-------+-------+-------++-------
Melee: Unarmed           |   129 |   180 |   227 |   740 |   710 |   948 |   934 |    44 ||  3912
       Tailslap          |    14 |    19 |    36 |   119 |   130 |   171 |   192 |     8 ||   689
       Kick              |     6 |    16 |    71 |   185 |   144 |       |       |       ||   422
       Headbutt          |     4 |     9 |    39 |   108 |    41 |       |       |       ||   201
       Punch             |     1 |     2 |    13 |    51 |    85 |   114 |   144 |    10 ||   420
       Bite              |       |       |       |       |    55 |   141 |   141 |     7 ||   344
       Pseudopods        |       |       |       |       |       |     3 |    20 |     1 ||    24
 Cast: Beastly Appendage |    10 |     5 |    14 |    39 |       |       |       |       ||    68
       Wereblood         |       |     4 |     6 |    18 |    20 |     3 |     1 |       ||    52
       Spider Form       |       |       |     2 |     3 |       |       |       |       ||     5
       Blade Hands       |       |       |       |     9 |    57 |     8 |       |       ||    74
       Ice Form          |       |       |       |       |     4 |     1 |       |       ||     5
       Dragon Form       |       |       |       |       |       |    60 |    71 |     2 ||   133
Invok: Slimify           |       |       |       |     1 |       |       |       |     1 ||     2
 Abil: Breathe Noxious F |       |       |     5 |    27 |     6 |    13 |     9 |       ||    60
       End Transformatio |       |       |       |     3 |     3 |     2 |     2 |       ||    10
       Evoke Blink       |       |       |       |       |     1 |       |     3 |       ||     4
Evoke: Wand              |       |       |       |     1 |       |     1 |       |       ||     2
       Box of beasts     |       |       |       |       |     1 |       |       |       ||     1
  Use: Potion            |       |       |       |     5 |     2 |     2 |     6 |     5 ||    20
       Scroll            |       |       |       |    25 |     5 |     2 |     9 |     1 ||    42
 Stab: Sleeping          |     1 |     1 |     1 |       |       |     1 |       |       ||     4
       Confused          |       |     4 |     7 |    30 |     7 |     6 |     4 |       ||    58
       Paralysed         |       |       |       |     1 |       |       |       |       ||     1
       Distracted        |       |       |       |       |     2 |     1 |     1 |       ||     4
       Petrified         |       |       |       |       |     2 |       |       |       ||     2
Armor: Skin              |    59 |    69 |    69 |   238 |   363 |   511 |   385 |     7 ||  1701
Dodge: Dodged            |    89 |   126 |   139 |   439 |   620 |   415 |   245 |    20 ||  2093
Block: Other             |       |       |       |       |    52 |   202 |   129 |     1 ||   384
       Reflection        |       |       |       |       |       |    26 |     5 |       ||    31

Table legend: (Time is in decaauts)
 A = Elapsed time spent in this place.
 B = Non-inter-level travel time spent in this place.
 C = Inter-level travel time spent in this place.
 D = Time resting spent in this place.
 E = Time spent auto-exploring this place.
 F = Levels seen in this place.
 G = Mean time per level.
                   A        B        C        D        E       F      G
               +--------+--------+--------+--------+--------+-----+--------+
         Total |  40283 |  37273 |   3010 |   1001 |  24900 |  51 |  789.9 |
       Dungeon |  14525 |  13243 |   1282 |    100 |   9899 |  15 |  968.3 |
        Temple |    415 |    375 |     40 |      0 |    361 |   1 |  415.0 |
          Lair |   5492 |   5019 |    473 |      0 |   3705 |   6 |  915.3 |
         Swamp |   2257 |   2136 |    121 |    121 |   1380 |   4 |  564.2 |
     Snake Pit |   4046 |   3770 |    276 |    185 |   2501 |   4 | 1011.5 |
    Slime Pits |   1098 |    992 |    106 |     59 |    868 |   5 |  219.6 |
  Orcish Mines |   1577 |   1308 |    269 |     13 |    793 |   2 |  788.5 |
   Elven Halls |   3610 |   3382 |    228 |     46 |   1553 |   3 | 1203.3 |
        Depths |   4613 |   4400 |    213 |    243 |   3083 |   4 | 1153.2 |
           Zot |    539 |    539 |      0 |     38 |    219 |   2 |  269.5 |
       Ossuary |    138 |    138 |      0 |      0 |      1 |   1 |  138.0 |
      Ice Cave |    550 |    550 |      0 |    132 |     93 |   1 |  550.0 |
       Volcano |    479 |    479 |      0 |      0 |    164 |   1 |  479.0 |
    Desolation |    636 |    636 |      0 |     64 |    145 |   1 |  636.0 |
      Gauntlet |    302 |    302 |      0 |      0 |    134 |   1 |  302.0 |
               +--------+--------+--------+--------+--------+-----+--------+

Top non-repeatable levels by time:
     D:1: 1774 daAuts
   Elf:3: 1557 daAuts
 Snake:4: 1408 daAuts
   Elf:2: 1369 daAuts
Depths:4: 1227 daAuts
 Snake:3: 1189 daAuts
    D:14: 1186 daAuts
  Lair:6: 1165 daAuts
    D:12: 1154 daAuts
   Orc:2: 1152 daAuts
Depths:2: 1132 daAuts
Depths:3: 1127 daAuts
Depths:1: 1126 daAuts
     D:9: 1090 daAuts
    D:11: 1079 daAuts
